 Dungeon Crawl Stone Soup version 0.30-a0-939-gc8157cb160 (webtiles) character file.

Game seed: 15018182135479901785

29 gohu the Trooper (level 3, -2/33 HPs)
             Began as a Hill Orc Fighter on Mar 25, 2023.
             Killed by divine providence
             ... invoked by an orc priest
              (11 damage)
             ... on level 3 of the Dungeon.
             The game lasted 00:02:28 (854 turns).

gohu the Trooper (Hill Orc Fighter)                  Turns: 854, Time: 00:02:29

Health: -2/33      AC: 11    Str: 20    XL:     3   Next: 16%
Magic:  3/3        EV:  7    Int:  8    God:
Gold:   87         SH:  4    Dex: 10    Spells: 2/2 levels left

rFire   . . .      SeeInvis .    a - +0 war axe
rCold   . . .      Faith    .    c - +0 buckler
rNeg    . . .      Spirit   .    k - +0 chain mail
rPois   .          Reflect  .    (no helmet)
rElec   .          Rampage  .    g - +0 cloak
rCorr   .                        (no gloves)
Will    .....                    m - +0 pair of boots Stlth
                                 (no amulet)
HPRegen 0.25/turn                (no ring)
MPRegen 0.08/turn                (no ring)

@: mighty
A: no striking features
a: Convert to Beogh


You were on level 3 of the Dungeon.
You visited 1 branch of the dungeon, and saw 3 of its levels.

You collected 87 gold pieces.

Inventory:

Hand Weapons
 a - a +0 war axe (weapon)
Missiles
 f - 5 boomerangs (quivered)
Armour
 b - a +0 scale mail
 c - a +0 buckler (worn)
 g - a +0 cloak (worn)
 k - a +0 chain mail (worn)
 m - a +0 pair of boots (worn)
Wands
 p - a wand of polymorph (7)
Scrolls
 i - a scroll of fear
 j - 2 scrolls of identify
Potions
 e - 2 potions of heal wounds {unknown}
 h - a potion of attraction {unknown}
 l - 2 potions of curing {unknown}
 n - a potion of berserk rage {unknown}
 o - a potion of mutation {unknown}


   Skills:
 * Level 4.3 Fighting
 * Level 3.5 Axes
 + Level 3.6 Armour
 - Level 3.2 Shields


You had 2 spell levels left.
You didn't know any spells.
Your spell library was empty.

Dungeon Overview and Level Annotations

Branches:
Dungeon (3/15)

Altars:


Message History

(press Y on the ability menu to convert to Beogh)
An orc priest comes into view. It is wielding a +0 short sword.
The orc priest shouts! 2 orcs come into view.
The orc shouts! x2
The orc moves out of view.
The orc priest threatens, "By the altar or by the axe, you will meet Beogh!"
You hit the orc priest.
The orc priest is moderately wounded.
You hit the orc priest.
The orc priest hits you with a +0 short sword.
The orc priest calls down the wrath of Beogh upon you.
Beogh smites you!
You hit the orc priest.
The orc priest is heavily wounded.
You slash the orc priest!
The orc priest shouts, "Surrender to Beogh and we'll let you live!"
The orc priest hits you but does no damage.
The orc priest hits you with a +0 short sword.
The orc priest miscasts a cantrip.
The orc priest hits you but does no damage.
You closely miss the orc priest.
The orc priest is heavily wounded.
You hit the orc priest.
The orc priest threatens, "By the altar or by the axe, you will meet Beogh!"
The orc priest invokes the aid of Beogh against you.
Pain shoots through your body!
* * * LOW HITPOINT WARNING * * *
The orc priest hits you but does no damage.
You hit the orc priest but do no damage.
The orc priest is heavily wounded.
You closely miss the orc priest.
The orc priest threatens, "By the altar or by the axe, you will meet Beogh!" x2
You block the orc priest's attack.
The orc priest miscasts a cantrip.
You feel very mighty all of a sudden.
The orc priest casts a cantrip, but nothing happens.
The orc priest mumbles some strange prayers to Beogh against you.
Beogh smites you!
You die...

#.... #.# .... #g# ...
#:# #.######.#####
###.##†>.......#
#......#.......###
#.#.###.#.##.#.####....#
....oooo.....#.##......#
##.###@..##.#.##.#.....
#...###.#.##.#..###
#...# #.#.......#
#.......##......#
#...######.#.##.# #...#
#.#. #.# #.... #. ..#
#...## .. .....


You could see 2 orc priests and 2 orcs.

Vanquished Creatures
  2 endoplasms (D:1)
  A giant cockroach (D:2)
  3 goblins
  3 hobgoblins
  8 jackals (D:1)
  2 kobolds
  A ball python (D:3)
  A bat (D:2)
  A frilled lizard (D:3)
  A rat (D:1)
23 creatures vanquished.

Notes
Turn   | Place    | Note
-------+----------+-------------------------------------------
     0 | D:1      | gohu the Hill Orc Fighter began the quest for the Orb.
     0 | D:1      | Reached XP level 1. HP: 19/19 MP: 1/1
    48 | D:1      | Reached skill level 4 in Fighting
    48 | D:1      | Reached XP level 2. HP: 20/27 MP: 2/2
   724 | D:2      | Reached XP level 3. HP: 33/33 MP: 3/3
   854 | D:3      | Killed from afar by an orc priest

Illustrated notes

Levels and vault maps discovered:
D:1:      saegor_arrival_simple_a, layout_basic
D:2:      layout_rooms, minivault_23, minmay_goblin_outpost
D:3:      layout_loops_cross, portal_sewer_entry_c

Skill      XL: |  1  2 |
---------------+-------+-----
Fighting       | 4 |  4.3
Axes           | 3 |  3.5
Armour         | |  3.6
Shields        | |  3.2

Action                     || total
---------------------------++-------
  Melee: War axe           ||    60
    Use: Scroll            ||     1
         Potion            ||     1
 Armour: Scale mail        ||    31
         Chain mail        ||    15
  Dodge: Dodged            ||    37
  Block: Buckler           ||    18

Table legend: (Time is in decaauts)
 A = Elapsed time spent in this place.
 B = Non-inter-level travel time spent in this place.
 C = Inter-level travel time spent in this place.
 D = Time resting spent in this place.
 E = Time spent auto-exploring this place.
 F = Levels seen in this place.
 G = Mean time per level.
                   A        B        C        D        E       F      G
               +--------+--------+--------+--------+--------+-----+--------+
         Total |    877 |    846 |     31 |      0 |    555 |   3 |  292.3 |
       Dungeon |    877 |    846 |     31 |      0 |    555 |   3 |  292.3 |
               +--------+--------+--------+--------+--------+-----+--------+

Top non-repeatable levels by time:
     D:1: 691 daAuts
     D:3: 123 daAuts
     D:2: 62 daAuts
